AoeStats
← bc129

Arabia

510153174Analyzed
2v2 RM · 3d ago on Sep 29, 2026· 14m 16s· 4 players
Game mode
Random Map
Map size
Medium (4 player)
Population
200
Speed
Normal
Resources
Standard
Victory
Conquest
Starting age
Dark Age
Ending age
Imperial Age
RankedLock teamsTeams togetherTeam positionsShared explorationLock speedFull tech treeHidden civsTurbo modeCheats
Victory
Defeat
🇧🇪 Mongols · Belgium
1214
+11
🇧🇪 Franks · Belgium
886
+24
🇩🇪 Georgians · Germany
1147
-20
🇵🇱 Poles · Poland
1023
-15
Pillage The Village
6:37 Loom
9:00 Feudal Age
9:31 Double-Bit Axe
11:01 Forging
bc129
10:40 Feudal Age
10:17 Loom
11:09 Double-Bit Axe
BaggerBizeps
6:05 Loom
7:45 Loom
11:21 Feudal Age
12:13 Double-Bit Axe
12:58 Horse Collar
adrianszczesnyaoe23
6:04 Loom
11:17 Feudal Age
13:04 Double-Bit Axe
14:45 Bloodlines
Connection lost

Rejoining the realm…

Still unreachable

The connection could not be restored.

Session expired

The server has moved on; the page needs a fresh start.